 Dungeon Crawl Stone Soup version 0.27.0-65-ge2af304b15 (webtiles) character file.

Game seed: 13301834244949166934

163 Crownlay the Chopper (level 5, 0/45 HPs)
             Began as a Hill Orc Fighter on Aug 18, 2021.
             Slain by Robin (1 damage)
             ... on level 3 of the Dungeon.
             The game lasted 00:01:57 (1636 turns).

Crownlay the Chopper (Hill Orc Fighter)             Turns: 1636, Time: 00:01:58

Health: 0/45       AC:  8    Str: 20    XL:     5   Next: 44%
Magic:  5/5        EV:  9    Int:  8    God:
Gold:   81         SH:  0    Dex: 10    Spells: 4/4 levels left

rFire    . . .     SeeInvis .   a - +0 war axe
rCold    . . .     Faith    .   (no shield)
rNeg     . . .     Spirit   .   b - +0 scale mail
rPois    .         Reflect  .   (no helmet)
rElec    .         Harm     .   (no cloak)
rCorr    .         Rampage  .   g - +0 pair of gloves
Will     .....                  (no boots)
Stlth    ..........             (no amulet)
HPRegen  0.15/turn              (no ring)
MPRegen  0.09/turn              (no ring)

@: mighty
A: no striking features
a: no special abilities


You were on level 3 of the Dungeon.
You visited 1 branch of the dungeon, and saw 3 of its levels.

You collected 81 gold pieces.

Inventory:

Hand Weapons
 a - a +0 war axe (weapon)
Armour
 b - a +0 scale mail (worn)
 c - a +0 kite shield
 g - a +0 pair of gloves (worn)
Scrolls
 f - a scroll of vulnerability {unknown}
 i - a scroll of enchant armour {unknown}
Potions
 e - a potion of invisibility {unknown}
 h - a potion of curing {unknown}


   Skills:
 - Level 3.6 Fighting
 + Level 7.3 Axes
 - Level 3.2 Armour
 - Level 3.2 Shields


You had 4 spell levels left.
You didn't know any spells.
Your spell library was empty.

Dungeon Overview and Level Annotations

Branches:
Dungeon (2/15)

Altars:

Annotations:
D:3 Robin


Message History

You slash Jessica!
You kill Jessica!
You slash the adder! You miss the goblin.
The adder bites you but does no damage. Robin throws the goblin at you!
The adder closely misses you.
Your Axes skill increases to level 7!
Unknown command.
You hit the adder.
You kill the adder!
You slash the dart slug! You barely miss the goblin.
Robin hits you from afar with a +3 spear of freezing!
Robin freezes you. The goblin closely misses you.
Robin hits you but does no damage. The dart slug launches a dart at you.
The slug dart hits you.
You are too injured to fight recklessly!
Unknown command.
You are too injured to fight recklessly!
You slash the dart slug!
You kill the dart slug!
You barely miss the goblin. You completely miss the orc.
The goblin no longer looks unusually strong.
The goblin completely misses you. The orc hits you with a +0 flail.
* * * LOW HITPOINT WARNING * * *
Robin hits you but does no damage. The goblin hits you but does no damage.
The orc barely misses you.
You slash the orc!
You kill the orc!
You closely miss the goblin.
Robin hits you from afar with a +3 spear of freezing.
* * * LOW HITPOINT WARNING * * *
Robin freezes you.
* * * LOW HITPOINT WARNING * * *
The goblin barely misses you.
You barely miss the orc. You hit the goblin.
You kill the goblin!
Robin hits you from afar with a +3 spear of freezing.
* * * LOW HITPOINT WARNING * * *
Robin freezes you.
You die...

#....... ##
#......###.
#..?....#.
####.......#
.$.........###
##..........#
#.....g†....+
#.....).))..#
#....###@####
#... #o# ###
#.# # #.# #.#
##. . .


You could see Robin and an orc.

Vanquished Creatures
  Jessica (D:3)
  Natasha (twice) (D:2)
  2 adders
  4 dart slugs
  2 orcs (D:3)
  2 bats
  An endoplasm (D:1)
  2 giant cockroaches
  13 goblins
  10 hobgoblins
  2 jackals (D:1)
  A quokka (D:2)
  5 ball pythons
  3 frilled lizards
  3 kobolds
  4 rats
57 creatures vanquished.

Notes
Turn   | Place    | Note
-------+----------+-------------------------------------------
     0 | D:1      | Crownlay the Hill Orc Fighter began the quest for the Orb.
     0 | D:1      | Reached XP level 1. HP: 19/19 MP: 1/1
    87 | D:1      | Reached skill level 3 in Axes
   258 | D:1      | Reached XP level 2. HP: 26/26 MP: 2/2
   361 | D:1      | Reached skill level 4 in Axes
   711 | D:1      | Reached XP level 3. HP: 31/31 MP: 3/3
  1055 | D:2      | Reached skill level 5 in Axes
  1417 | D:2      | Noticed Natasha
  1424 | D:2      | Killed Natasha
  1425 | D:2      | Reached XP level 4. HP: 28/39 MP: 4/4
  1428 | D:2      | Reached skill level 6 in Axes
  1554 | D:2      | Noticed Natasha
  1561 | D:2      | Killed Natasha
  1619 | D:2      | You fall into a shaft and drop 1 floor!
  1620 | D:3      | Noticed Robin
  1620 | D:3      | Noticed Jessica
  1627 | D:3      | Reached XP level 5. HP: 42/45 MP: 5/5
  1632 | D:3      | Killed Jessica
  1633 | D:3      | Reached skill level 7 in Axes
  1636 | D:3      | HP: 1/45 [Robin (3)]
  1636 | D:3      | Slain by Robin

Illustrated notes

Levels and vault maps discovered:
D:1:      giann_bridges, layout_basic, patterned_corridor
D:2:      layout_rooms, minmay_small_reverse_x, uniq_natasha, uniq_sigmund
D:3:      layout_loops_ring, grunt_temple_overflow_order_and_chaos_2,
          nicolae_overflow_hidden_temple, gammafunk_ghost_gnarly_gnolls,
          hellmonk_ecumenical_altar_leap_of_faith, uniq_robin, uniq_jessica,
          uniq_crazy_yiuf_cottage

Skill      XL: |  1  2  3  4  5 |
---------------+----------------+-----
Axes           | 3 4 5 6 7 |  7.3
Fighting       | |  3.6
Armour         | |  3.2
Shields        | |  3.2

Action                   |  1- 3 |  4- 6 || total
-------------------------+-------+-------++-------
Melee: War axe           |   110 |    28 ||   138
  Use: Potion            |       |     1 ||     1
Armor: Scale mail        |    51 |    25 ||    76
Dodge: Dodged            |    63 |    22 ||    85
